 Dungeon Crawl Stone Soup version 0.26.0-41-g79a4fc7684 (webtiles) character file.

Game seed: 10185258150833924783

3121 Cykl0x the Carver (level 9, -1/75 HPs)
             Began as a Minotaur Fighter on Jan 26, 2021.
             Was a Believer of the Shining One.
             Slain by a yak (8 damage)
             ... on level 9 of the Dungeon.
             The game lasted 00:13:48 (7439 turns).

Cykl0x the Carver (Minotaur Fighter)                Turns: 7439, Time: 00:13:48

Health: -1/75      AC:  9    Str: 23    XL:     9   Next: 60%
Magic:  9/10       EV: 10    Int:  5    God:    the Shining One [**....]
Gold:   377        SH: 24    Dex: 11    Spells: 8/8 levels left

rFire    + . .     SeeInvis .   a - +1 long sword
rCold    . . .     Faith    .   c - +1 kite shield
rNeg     + . .     Spirit   .   b - +0 scale mail
rPois    .         Reflect  +   (helmet restricted)
rElec    .         Harm     .   (no cloak)
rCorr    .         Rampage  .   (no gloves)
Will     .....                  w - +0 pair of boots
Stlth    ..........             p - amulet of reflection
HPRegen  0.22/turn              y - ring of protection from fire
MPRegen  0.12/turn              (no ring)

@: lethally poisoned (-1 -> -8), divine shield, glowing
A: retaliatory headbutt, horns 2
a: Renounce Religion, Divine Shield


You were on level 9 of the Dungeon.
You worshipped the Shining One.
The Shining One was pleased with you.
You visited 2 branches of the dungeon, and saw 10 of its levels.

You collected 409 gold pieces.
You donated 32 gold pieces to Zin.

Inventory:

Hand Weapons
 a - a +1 long sword (weapon)
 s - a +1 dagger of speed
Missiles
 g - 319 stones (quivered)
 i - 47 poisoned darts
Armour
 b - a +0 scale mail (worn)
 c - a +1 kite shield (worn)
 w - a +0 pair of boots (worn)
Jewellery
 p - an amulet of reflection (around neck)
 y - a ring of protection from fire (left hand)
Wands
 r - a wand of enslavement (10)
 v - a wand of polymorph (9)
Scrolls
 e - 4 scrolls of magic mapping
 h - 2 scrolls of enchant armour
 l - 2 scrolls of remove curse
 n - 6 scrolls of identify
 t - 2 scrolls of teleportation
 u - a scroll of amnesia
Potions
 d - 5 potions of might
 f - 2 potions of attraction
 j - 3 potions of heal wounds
 k - 4 potions of curing
 m - 2 potions of haste
 o - 2 potions of flight
 q - a potion of berserk rage
 x - a potion of cancellation
 z - a potion of mutation {unknown}


   Skills:
 + Level 6.2 Fighting
 + Level 9.0 Long Blades
 + Level 4.8 Throwing
 + Level 7.1 Armour
 + Level 3.1 Dodging
 + Level 1.1 Stealth
 + Level 7.8 Shields
 * Level 3.4 Invocations


You had 8 spell levels left.
You didn't know any spells.
Your spell library contained the following spells:

 Spells                   Type           Power        Failure   Level
 Corona                   Hex            0%           97%         1
 Magic Dart               Conj           0%           97%         1
 Summon Small Mammal      Summ           0%           97%         1
 Blink                    Tloc           N/A          99%         2
 Call Imp                 Summ           0%           99%         2
 Ensorcelled Hibernation  Hex/Ice        0%           99%         2
 Slow                     Hex            0%           99%         2
 Call Canine Familiar     Summ           0%           100%        3
 Confusing Touch          Hex            0%           100%        3
 Conjure Flame            Conj/Fire      0%           100%        3
 Dazzling Flash           Conj/Hex       0%           100%        3
 Mephitic Cloud           Conj/Pois/Air  0%           100%        3
 Summon Guardian Golem    Hex/Summ       0%           100%        3
 Tukima's Dance           Hex            0%           100%        3
 Summon Ice Beast         Ice/Summ       0%           100%        4
 Summon Lightning Spire   Summ/Air       0%           100%        4


Dungeon Overview and Level Annotations

Branches:
Dungeon (9/15)             Temple (1/1) D:5
   Lair: D:8-11         Orc: D:9-12

Altars:
Ashenzari
Cheibriados
Dithmenos
Fedhas
Gozag
Kikubaaqudgha
Makhleb
Nemelex Xobeh
Okawaru
Qazlal
Ru
Sif Muna
Trog
Uskayaw
Vehumet
Xom
Yredelemnul
Zin
The Shining One


Innate Abilities, Weirdness & Mutations

You reflexively headbutt those who attack you in melee.
You have a pair of horns on your head.


Message History

You feel sick. You block the yak's attack. The yak gores you!
You feel sick.
The killer bee stings you but does no damage.
You block the killer bee's attack. x2; The yak gores you but does no damage.
The yak gores you!
* * * LOW HITPOINT WARNING * * *
You hit the phantom. You headbutt the phantom!
The phantom is moderately damaged.
You feel sick.
You block the killer bee's attack. x2; The phantom hits you.
* * * LOW HITPOINT WARNING * * *
The phantom blinks!
You block the killer bee's attack. x2
The yak closely misses you.
You riposte.
You hit the yak.
The yak is lightly wounded.
The yak closely misses you.
You feel sick. You block the killer bee's attack. The yak gores you!
* * * LOW HITPOINT WARNING * * *
You see here a stone.
* * * LOW HITPOINT WARNING * * *
You feel sick.
You block the killer bee's attack. x2; The yak gores you!
You die...

##############
..............
#.............
#...........#
#...........# #
#...........# ..
#....y.......
#.#...@yW.####### .
#....YY..#.....#######
#..#.......#.....+.....#
. ##..†.##.#.....#.....#
#.....†..#.....#.....#
.....####'####'####....#
.....#....#.......#....#
###..#....'....#..#....#
#....#.......'....#


You could see 2 yaks, a phantom and 2 killer bees.

Vanquished Creatures
  The ghost of chimenez the Cudgeller, an amateur DgFi (D:3)
  Sigmund (D:3)
  2 yaks (D:9)
  A wyvern (D:8)
  A water moccasin (D:8)
  4 ogres
  A sky beast (D:5)
  2 phantoms
  A centaur (D:8)
  6 bullfrogs
  2 scorpions
  A killer bee (D:9)
  2 centaur zombies (D:7)
  2 bullfrog zombies
  5 hounds
  3 bullfrog skeletons
  2 centaur skeletons
  Jessica (D:3)
  4 iguanas
  2 orc wizards (D:7)
  4 worker ants
  A hound skeleton (D:5)
  A worker ant zombie (D:8)
  5 gnolls
  10 adders
  3 shadow imps
  An ufetubus (D:8)
  3 adder skeletons
  5 worms
  3 dart slugs
  3 leopard geckos
  10 orcs
  4 giant cockroaches
  10 goblins
  3 hobgoblins
  9 jackals
  A quokka (D:6)
  4 bats
  6 frilled lizards
  A giant cockroach zombie (D:5)
  2 kobolds (D:2)
  A quokka zombie (D:6)
  6 rats
140 creatures vanquished.

Notes
Turn   | Place    | Note
-------+----------+-------------------------------------------
     0 | D:1      | Cykl0x the Minotaur Fighter began the quest for the Orb.
     0 | D:1      | Reached XP level 1. HP: 19/19 MP: 0/0
   194 | D:1      | Reached XP level 2. HP: 27/27 MP: 1/1
   661 | D:2      | Reached XP level 3. HP: 33/33 MP: 2/2
  1026 | D:2      | Reached skill level 3 in Long Blades
  1067 | D:2      | Reached XP level 4. HP: 35/40 MP: 3/3
  1938 | D:3      | Noticed Jessica
  1943 | D:3      | Killed Jessica
  1952 | D:3      | Reached skill level 1 in Throwing
  2421 | D:3      | Reached XP level 5. HP: 47/47 MP: 4/4
  2453 | D:3      | Noticed Sigmund
  2478 | D:3      | Killed Sigmund
  2479 | D:3      | Reached skill level 4 in Long Blades
  2479 | D:3      | Reached skill level 1 in Dodging
  2479 | D:3      | Reached XP level 6. HP: 39/53 MP: 5/5
  2629 | D:3      | Found a runed translucent door.
  2630 | D:3      | Noticed chimenez's ghost (amateur DgFi)
  2660 | D:3      | Killed chimenez's ghost
  2661 | D:3      | Reached skill level 5 in Fighting
  2661 | D:3      | Reached skill level 5 in Armour
  2661 | D:3      | Reached skill level 5 in Shields
  2975 | D:4      | Found a hide-covered altar of Uskayaw.
  2976 | D:4      | Noticed a +0 hand axe
  2976 | D:4      | Noticed a +0 hand axe
  2987 | D:4      | Reached XP level 7. HP: 54/61 MP: 6/6
  3046 | D:4      | Reached skill level 5 in Long Blades
  3948 | D:5      | Entered Level 5 of the Dungeon
  3981 | D:5      | Found a snail-covered altar of Cheibriados.
  4066 | D:5      | Reached skill level 6 in Long Blades
  4129 | D:5      | Reached XP level 8. HP: 63/68 MP: 7/7
  4363 | D:5      | Found a staircase to the Ecumenical Temple.
  4367 | Temple   | Entered the Ecumenical Temple
  4632 | D:5      | Found a burning altar of Makhleb.
  5285 | D:6      | Found an opulent altar of Gozag.
  5350 | D:6      | Found a shimmering altar of Xom.
  5350 | D:6      | Found a shimmering altar of Xom.
  5374 | D:6      | Found a glowing silver altar of Zin.
  5379 | D:6      | Became a worshipper of Zin the Law-Giver
  5379 | D:6      | Reached * piety under Zin
  5425 | D:6      | Found a shimmering altar of Xom.
  5578 | D:6      | Reached skill level 7 in Long Blades
  5635 | D:6      | Found a shimmering altar of Xom.
  5635 | D:6      | Found a shimmering altar of Xom.
  5636 | D:6      | Found a shimmering altar of Xom.
  5747 | D:7      | Found a sacrificial altar of Ru.
  5766 | D:7      | Reached ** piety under Zin
  5820 | D:7      | Reached skill level 1 in Stealth
  5981 | D:7      | Reached skill level 1 in Invocations
  6044 | D:7      | Found a bloodstained altar of Trog.
  6085 | D:7      | Found a glowing golden altar of the Shining One.
  6099 | D:7      | Fell from the grace of Zin
  6099 | D:7      | Became a worshipper of the Shining One
  6099 | D:7      | Reached * piety under the Shining One
  6257 | D:7      | Found a sparkling altar of Nemelex Xobeh.
  6626 | D:8      | Reached XP level 9. HP: 75/75 MP: 9/9
  6759 | D:8      | Reached skill level 8 in Long Blades
  7412 | D:9      | Reached ** piety under the Shining One
  7432 | D:9      | Reached skill level 9 in Long Blades
  7439 | D:9      | Slain by a yak

Illustrated notes

Levels and vault maps discovered:
D:1:      ncdulo_smallfort, layout_basic, minmay_misc_feat_cross
D:2:      layout_basic, minmay_hexomino_p4
D:3:      layout_rooms, gammafunk_ghost_grave, uniq_sigmund, uniq_jessica
D:4:      layout_basic, dancing_weapons_uskayaw, chequers_arboretum
D:5:      layout_loops_ring, kennysheep_slug_shrine, kennysheep_mini_moat,
          minmay_temple_entry_purple_smoke, bh_walls_and_bars
D:6:      layout_gridville, pdpol_temple_overflow_zin_treasury_gozag_greed,
          xom_redecorated
D:7:      layout_loops_ring, nicolae_ru_awakened_eye, kennysheep_little_box,
          grunt_temple_overflow_open
D:8:      layout_basic
D:9:      layout_stronghold, nzn_wu_jian_council_hall, marbit_many_paths,
          nzn_hepliaklqana_mist_gate
Temple:   nicolae_temple_figure_zero

Skill      XL: |  1  2  3  4  5  6  7  8  9 |
---------------+----------------------------+-----
Armour         | 4 5 6 7 |  7.1
Shields        | 4 5 7 |  7.8
Fighting       | 4 5 6 |  6.2
Long Blades    | 3 4 6 7 9 |  9.0
Throwing       | 1 2 3 4 |  4.8
Dodging        | 1 2 3 |  3.1
Stealth        | 1 |  1.1
Invocations    | 2 3 |  3.4

Action                   |  1- 3 |  4- 6 |  7- 9 || total
-------------------------+-------+-------+-------++-------
Melee: Long sword        |    69 |    99 |   271 ||   439
       Headbutt          |     5 |    12 |    70 ||    87
Throw: Stone             |    21 |    41 |   116 ||   178
       Dart              |       |       |    28 ||    28
Invok: Divine Shield     |       |       |     1 ||     1
Evoke: Wand              |       |       |     1 ||     1
  Use: Scroll            |     3 |     5 |    11 ||    19
Armor: Scale mail        |    32 |    37 |    70 ||   139
Dodge: Dodged            |    24 |    28 |    78 ||   130
Block: Kite shield       |    34 |    63 |   217 ||   314
       Reflection        |       |       |     6 ||     6
       Rpst.: Long sword |     5 |     5 |    21 ||    31
